 Dungeon Crawl Stone Soup version 0.23.2-40-g277498a001 (webtiles) character file.

Game seed: 2130259704820664061

65 Descartes the Insei (level 4, 0/21 HPs)
             Began as a Vine Stalker Transmuter on Oct 21, 2019.
             Succumbed to an adder's poison
             ... on level 2 of the Dungeon.
             The game lasted 00:02:37 (1187 turns).

Descartes the Insei (Vine Stalker Transmuter)       Turns: 1187, Time: 00:02:37

Health: 0/21       AC:  8    Str: 12    XL:     4   Next: 14%
Magic:  1/8        EV:  5    Int: 14    God:
Gold:   89         SH:  0    Dex: 15    Spells: 6/7 levels left

rFire    . . .     SeeInvis .   l - +0 falchion
rCold    . . .     Gourm    .   (no shield)
rNeg     . . .     Faith    .   m - +0 chain mail (curse)
rPois    .         Spirit   +   (no helmet)
rElec    .         Reflect  .   (no cloak)
rCorr    .         Harm     .   (no gloves)
MR       .....                  (no boots)
Stlth    ..........             (no amulet)
HPRegen  0.47/turn              (no ring)
MPRegen  0.11/turn              (no ring)

@: lethally poisoned (0 -> -1)
A: fangs 2, regeneration 1, magic shield, antimagic bite, no potion heal 3, rot
immunity
a: no special abilities


You were on level 2 of the Dungeon.
You were not hungry.

You visited 1 branch of the dungeon, and saw 2 of its levels.

You collected 89 gold pieces.

Inventory:

Hand Weapons
 c - a +0 short sword
 l - a +0 falchion (weapon)
Missiles
 a - 12 arrows
 e - 38 stones (quivered)
 f - 22 bolts
 n - 22 sling bullets
Armour
 b - a +0 robe
 g - a +1 leather armour
 m - a cursed +0 chain mail (worn)
Scrolls
 i - a scroll of remove curse {unknown}
 k - 2 scrolls of identify
 o - a scroll of blinking {unknown}
Potions
 j - a potion of heal wounds
Comestibles
 d - 3 rations


   Skills:
 - Level 0.8 Fighting
 - Level 1.5 Dodging
 + Level 4.0 Unarmed Combat
 - Level 2.2 Spellcasting
 + Level 3.3 Transmutations


You had 6 spell levels left.
You knew the following spells:

 Your Spells              Type           Power        Failure   Level  Hunger
a - Beastly Appendage     Tmut           ##....       96%         1    #......

Your spell library contained the following spells:

 Spells                   Type           Power        Failure   Level  Hunger
 Sticks to Snakes         Tmut           ##......     99%         2    ###....
 Spider Form              Tmut/Pois      #.........   100%        3    ###....
 Ice Form                 Ice/Tmut       #.......     100%        4    #####..
 Blade Hands              Tmut           ##........   100%        5    ######.


Dungeon Overview and Level Annotations

Branches:
Dungeon (2/15)

Altars:


Innate Abilities, Weirdness & Mutations

You have extremely sharp teeth.
Your natural rate of healing is unusually fast.
When hurt, damage is shared between your health and your magic reserves.
Your bite disrupts and absorbs the magic of your enemies.
Potions cannot restore your health.
You are immune to rotting.


Message History

The giant cockroach bites you but does no damage.
The adder completely misses you.
You riposte.
You closely miss the adder. You bite the adder. You drain its power.
You feel invigorated.
The adder is lightly wounded.
The giant cockroach bites you but does no damage.
You closely miss the adder. Your bite misses the adder.
The adder is lightly wounded.
* * * LOW HITPOINT WARNING * * *
You feel sick. The adder bites you but does no damage.
The giant cockroach bites you but does no damage.
The adder bites you but does no damage.
Unknown command.
You closely miss the adder.
The adder is lightly wounded.
* * * LOW HITPOINT WARNING * * *
You feel sick. The giant cockroach bites you.
The adder bites you but does no damage. The giant cockroach bites you.
You closely miss the adder.
The adder is lightly wounded.
You die...

####.####
##########........ #.
#.................
#.##.########.##.###
..##.# #.# # #.##รท#
##.##.# # #.##.#
##...#.## #
#.#..######...#...# #
######.#.###.@SJ.......#
# #........#
#s###...#...# #
#.####...##.. ##)######
# ##.###..............#
# #....[.....#...###b...
###..###.....##...
..J.>.$
............###.##
#S.####.# ###...####..#
#? #..# # #...# #..#
..s.


You could see an ooze, an adder and a giant cockroach.

Vanquished Creatures
  Terence (D:2)
  An adder (D:2)
  A worm (D:2)
  3 dart slugs
  3 bats
  2 giant cockroaches
  2 hobgoblins (D:1)
  A ball python (D:1)
  3 frilled lizards (D:1)
  5 kobolds
  2 rats (D:1)
24 creatures vanquished.

Notes
Turn   | Place    | Note
-------+----------+-------------------------------------------
     0 | D:1      | Descartes the Vine Stalker Transmuter began the quest for
                  | the Orb.
     0 | D:1      | Reached XP level 1. HP: 9/9 MP: 4/4
   249 | D:1      | Reached XP level 2. HP: 13/14 MP: 6/6
   779 | D:2      | Noticed Terence
   783 | D:2      | Reached XP level 3. HP: 17/17 MP: 7/7
   808 | D:2      | Killed Terence
  1124 | D:2      | Reached skill level 4 in Unarmed Combat
  1124 | D:2      | Gained mutation: Your natural rate of healing is unusually
                  | fast. [Vine Stalker growth]
  1124 | D:2      | Reached XP level 4. HP: 15/21 MP: 6/8
  1185 | D:2      | HP: 1/21 [poisoned by an adder]
  1187 | D:2      | Succumbed to an adder's poison

Skill      XL: |  1  2  3 |
---------------+----------+-----
Transmutations | 3 |  3.3
Unarmed Combat | 4 |  4.0
Fighting       | |  0.8
Dodging        | |  1.5
Spellcasting   | |  2.2

Action                   |  1- 3 |  4- 6 || total
-------------------------+-------+-------++-------
Melee: Short sword       |    71 |       ||    71
       Unarmed           |     7 |       ||     7
       Bite              |    17 |     3 ||    20
       Punch             |     1 |       ||     1
       Falchion          |    14 |    19 ||    33
  Use: Scroll            |     4 |       ||     4
       Potion            |       |     1 ||     1
  Eat: Chunk             |       |     1 ||     1
Armor: Leather armour    |    12 |       ||    12
       Robe              |     1 |       ||     1
       Chain mail        |    31 |    30 ||    61
Dodge: Dodged            |    36 |     9 ||    45
       Rpst.: Falchion   |     1 |     6 ||     7
